 Dungeon Crawl Stone Soup version 0.26.0-18-gc5c842f807 (webtiles) character file.

Game seed: 18077680422829324492

568 thiole the Sneak (level 7, -1/41 HPs)
             Began as an Octopode Hedge Wizard on Jan 24, 2021.
             Was an Initiate of Gozag.
             Slain by Grinder (5 damage)
             ... on level 3 of the Dungeon.
             The game lasted 00:24:43 (7256 turns).

thiole the Sneak (Octopode Hedge Wizard)            Turns: 7256, Time: 00:24:44

Health: -1/41      AC:  1    Str: 10    XL:     7   Next: 33%
Magic:  3/13       EV: 13    Int: 18    God:    Gozag
Gold:   223        SH:  0    Dex: 11    Spells: 6/14 levels left

rFire    . . .     SeeInvis .   a - +0 dagger
rCold    . . .     Faith    .   (no shield)
rNeg     . . .     Spirit   .   b - +0 hat
rPois    .         Reflect  .   (no amulet)
rElec    .         Harm     .   (no ring)
rCorr    .         Rampage  .   (no ring)
Will     .....                  (no ring)
Stlth    ++++......             (no ring)
HPRegen  0.13/turn              (no ring)
MPRegen  0.13/turn              (no ring)
                                (no ring)
                                (no ring)

@: no status effects
A: almost no armour, stealthy swim, amphibious, 8 rings, constrict 8, camouflage
1, gelatinous body 1
a: Renounce Religion, Potion Petition, Call Merchant, Bribe Branch


You were on level 3 of the Dungeon.
You worshipped Gozag.
Gozag was aware of your devotion.
You visited 2 branches of the dungeon, and saw 6 of its levels.

You collected 317 gold pieces.
You paid 94 gold pieces to Gozag.

Inventory:

Hand Weapons
 a - a +0 dagger (weapon)
 i - a +0 hunting sling
 t - a cursed -3 long sword
 w - a cursed +0 dagger
Missiles
 g - 217 stones
 j - 13 sling bullets
Armour
 b - a +0 hat (worn)
 z - a +0 kite shield
Jewellery
 n - an uncursed ring of fire
 B - an uncursed amulet of guardian spirit
Wands
 u - a wand of random effects (16)
Scrolls
 c - a scroll of amnesia {unknown}
 d - 2 scrolls of magic mapping {unknown}
 m - a scroll of fear {unknown}
 o - a scroll of immolation {unknown}
 p - 2 scrolls of identify
 v - a scroll of teleportation {unknown}
 x - a scroll of blinking {unknown}
 y - a scroll of torment {unknown}
 A - a scroll of remove curse {unknown}
Potions
 e - 2 potions of berserk rage {unknown}
 f - 2 potions of attraction {unknown}
 h - a potion of curing
 k - a potion of lignification {unknown}
 l - a potion of flight {unknown}
 q - a potion of mutation {unknown}
 r - 2 potions of might
 s - a potion of heal wounds {unknown}


   Skills:
 - Level 2.0 Dodging
 + Level 5.2 Stealth
 + Level 4.1 Spellcasting
 - Level 4.0 Conjurations
 - Level 2.0 Summonings
 - Level 1.0 Translocations
 * Level 4.0 Air Magic


You had 6 spell levels left.
You knew the following spells:

 Your Spells              Type           Power        Failure   Level
a - Magic Dart            Conj           72%          2%          1
b - Call Imp              Summ           10%          10%         2
c - Slow                  Hex            3%           22%         2
d - Mephitic Cloud        Conj/Pois/Air  13%          14%         3

Your spell library contained the following spells:

 Spells                   Type           Power        Failure   Level
 Blink                    Tloc           N/A          14%         2
 Conjure Flame            Conj/Fire      10%          19%         3


Dungeon Overview and Level Annotations

Branches:
Dungeon (5/15)             Temple (1/1) D:5

Altars:
Ashenzari
Cheibriados
Dithmenos
Elyvilon
Fedhas
Gozag
Hepliaklqana
Kikubaaqudgha
Makhleb
Nemelex Xobeh
Okawaru
Ru
Sif Muna
Trog
Uskayaw
Vehumet
Wu Jian
Xom
Yredelemnul
Zin
The Shining One

Annotations:
D:3 Grinder
D:4 Pikel


Innate Abilities, Weirdness & Mutations

You cannot wear most types of armour.
You are very stealthy in the water. (Stealth+)
You are amphibious.
You can wear up to eight rings at the same time.
You can use your tentacles to constrict eight enemies at once.
Your skin changes colour to match your surroundings (Stealth+).
Your rubbery body absorbs attacks. (AC +1, EV +1)


Message History

Your white imp gestures at Grinder.
The puff of frost misses Grinder.
The puff of frost hits your crimson imp!
Your crimson imp is frozen!
Your crimson imp misses Grinder.
You barely miss Grinder. Your grab misses Grinder.
Grinder is heavily wounded.
Grinder hits you!
* * * LOW HITPOINT WARNING * * *
Your white imp closely misses Grinder.
Your crimson imp hits Grinder but does no damage.
You completely miss Grinder. Your grab misses Grinder.
Your squeeze misses Grinder.
Grinder is heavily wounded.
Your crimson imp disappears in a puff of smoke!
Grinder hits you.
* * * LOW HITPOINT WARNING * * *
You writhe in agony.
You die...
Your body crumbles into a pile of gold.

####### ##.....# #......##
########### #.#.#...#
....##.....#####@.....# ##
.......#.#....55ยง#.#.###.#
##..##......####......#.#
#..###.#....#########$#
##..###.#....<#...####.###
...................S.....#
.........................########
......##.....##.#.#5##..)##......
...##.##.##..##.#.#.##.[....#####


You could see Grinder and a friendly white imp (summoned).

Vanquished Creatures
  A scorpion (D:4)
  A water moccasin skeleton (D:4)
  2 orc priests
  An iguana (D:3)
  A worker ant (D:4)
  A hound skeleton (D:4)
  Robin (D:4)
  3 gnolls
  2 adders
  An adder zombie (D:5)
  A leopard gecko (D:1)
  2 orcs (D:4)
  2 giant cockroaches
  11 goblins
  6 hobgoblins
  5 jackals
  A ball python (D:3)
  4 bats
  9 frilled lizards
  A kobold (D:1)
  A quokka skeleton (D:5)
  5 rats
62 creatures vanquished.

Vanquished Creatures (collateral kills)
  An eye of draining (D:5)
  An ogre (D:5)
  A lemure (D:4)
  2 scorpions
  A hound (D:4)
  A worker ant (D:5)
  A killer bee zombie (D:5)
  8 gnolls
  7 adders
  A white imp (D:5)
  An ooze (D:3)
  2 worms (D:2)
  2 dart slugs
  A leopard gecko (D:5)
  2 orcs
  A giant cockroach (D:2)
  A hobgoblin (D:4)
  3 kobolds (D:2)
  A quokka (D:3)
  A bat (D:3)
  5 goblins
  A quokka skeleton (D:5)
45 creatures vanquished.

Vanquished Creatures (others)
  A goblin (D:4)
1 creature vanquished.

Grand Total: 108 creatures vanquished

Notes
Turn   | Place    | Note
-------+----------+-------------------------------------------
     0 | D:1      | thiole the Octopode Hedge Wizard began the quest for the
                  | Orb.
     0 | D:1      | Reached XP level 1. HP: 11/11 MP: 4/4
   140 | D:1      | Reached XP level 2. HP: 17/17 MP: 0/6
   281 | D:1      | Learned a level 2 spell: Call Imp
   284 | D:1      | Learned a level 2 spell: Slow
   601 | D:2      | Reached skill level 3 in Stealth
  1004 | D:2      | Reached XP level 3. HP: 21/21 MP: 1/7
  1344 | D:2      | Learned a level 3 spell: Mephitic Cloud
  1499 | D:2      | Reached XP level 4. HP: 4/27 MP: 2/8
  1925 | D:2      | Reached skill level 1 in Air Magic
  2605 | D:3      | Noticed Grinder
  2622 | D:3      | Paralysed by Grinder for 5 turns
  2674 | D:3      | Noticed an orc warrior
  2717 | D:4      | Reached XP level 5. HP: 8/31 MP: 2/10
  2846 | D:4      | Reached skill level 4 in Stealth
  3105 | D:5      | Entered Level 5 of the Dungeon
  3284 | D:5      | Noticed an eye of draining
  3312 | D:5      | Killed an eye of draining
  3313 | D:5      | Reached XP level 6. HP: 36/36 MP: 1/11
  4210 | D:4      | Noticed Robin
  4222 | D:4      | Killed Robin
  4311 | D:4      | Reached XP level 7. HP: 41/41 MP: 2/12
  4433 | D:4      | Noticed Pikel
  4551 | D:5      | Found a staircase to the Ecumenical Temple.
  4561 | Temple   | Entered the Ecumenical Temple
  4617 | Temple   | Became a worshipper of Gozag Ym Sagoz the Greedy
  6100 | D:5      | Reached skill level 5 in Stealth
  7256 | D:3      | Slain by Grinder

Illustrated notes

Levels and vault maps discovered:
D:1:      onia_arrival_mini_maze_b, layout_rooms
D:2:      layout_basic, st_stairs_11, minmay_misc_feat_rows
D:3:      layout_loops_ring, serial_glass, glass_columns_a, glass_columns_a,
          glass_columns_b, glass_columns_a, chequers_serial_rivers_micro_a,
          kennysheep_generic_room_15, uniq_grinder
D:4:      layout_rooms, uniq_pikel, uniq_robin
D:5:      layout_basic, minmay_temple_entry_ruins, serial_glass,
          glass_columns_c, glass_columns_c, due_unseen_surprise,
          minmay_strange_pillars, feat_on_display, feat_on_display
Temple:   nicolae_temple_the_god_donut

Skill      XL: |  1  2  3  4  5  6  7 |
---------------+----------------------+-----
Stealth        | 3 4 5 |  5.2
Summonings     | 2 |  2.0
Conjurations   | 2 3 4 |  4.0
Air Magic      | 2 3 4 |  4.0
Spellcasting   | 4 |  4.1
Dodging        | |  2.0
Translocations | |  1.0

Action                   |  1- 3 |  4- 6 |  7- 9 || total
-------------------------+-------+-------+-------++-------
Melee: Dagger            |    19 |    54 |    30 ||   103
       Constrict         |     5 |    18 |     6 ||    29
       Tentacles         |     2 |     8 |     7 ||    17
 Cast: Magic Dart        |    39 |    48 |    14 ||   101
       Call Imp          |    17 |    42 |    53 ||   112
Evoke: Wand              |       |     5 |       ||     5
  Use: Potion            |       |     2 |       ||     2
       Scroll            |       |       |     2 ||     2
 Stab: Sleeping          |     3 |     2 |       ||     5
Armor: Skin              |     1 |     3 |     2 ||     6
Dodge: Dodged            |    21 |    45 |    20 ||    86
